 Dungeon Crawl Stone Soup version 0.18.1-50-g88ac8fd (webtiles) character file.

102 Gargoyl the Skirmisher (level 4, -1/36 HPs)
             Began as a Demonspawn Abyssal Knight on Oct 29, 2016.
             Was a Believer of Lugonu.
             Slain by Crazy Yiuf
             ... wielding a +2 quarterstaff of chaos
              (2 damage)
             ... on level 2 of the Dungeon.
             The game lasted 00:02:58 (1813 turns).

Gargoyl the Skirmisher (Demonspawn Abyssal Knight)  Turns: 1813, Time: 00:02:58

Health: -1/36      AC: 12    Str: 19    XL:     4   Next: 49%
Magic:  6/6        EV:  5    Int: 13    God:    Lugonu [**....]
Gold:   81         SH:  0    Dex: 12    Spells: 0 memorised, 3 levels left

rFire  . . .     SeeInvis .     a - +1 hand axe
rCold  . . .     Gourm    .     e - +0 plate armour
rNeg   . . .     Faith    .     (no shield)
rPois  .         Spirit   .     (helmet restricted)
rElec  .         Dismiss  .     (no cloak)
rCorr  .         Reflect  .     (no gloves)
SustAt .         Harm     .     o - +0 pair of boots
MR     .....                    (no amulet)
Stlth  ..........               (no ring)
                                (no ring)

@: mighty, very slightly contaminated, hasted and slowed, drained, not resistant
to hostile enchantments, extremely unstealthy
A: antennae 1, powered by pain 1
a: Depart the Abyss, Bend Space, Renounce Religion


You were on level 2 of the Dungeon.
You worshipped Lugonu.
Lugonu was pleased with you.
You were hungry.

You visited 1 branch of the dungeon, and saw 2 of its levels.
You visited the Abyss 1 time.

You collected 81 gold pieces.

Inventory:

Hand Weapons
 a - a +1 hand axe (weapon)
Missiles
 g - 3 tomahawks (quivered)
Armour
 e - a +0 plate armour (worn)
 o - a +0 pair of boots (worn)
Scrolls
 b - a scroll of recharging {unknown}
 f - a scroll of random uselessness {unknown}
 j - a scroll of remove curse {unknown}
 k - a scroll of enchant armour {unknown}
 m - a scroll of fog {unknown}
 n - a scroll of amnesia {unknown}
 q - a scroll of noise {unknown}
Potions
 l - 2 potions of mutation {unknown}
Comestibles
 c - 4 bread rations
 d - a royal jelly
 h - a slice of pizza
 i - 5 fruits


   Skills:
 + Level 3.6(3.3) Fighting
 + Level 2.4(2.1) Axes
 * Level 3.1(2.9) Armour
 + Level 0.8(0.6) Dodging
 * Level 3.2(3.0) Invocations


You had 3 spell levels left.
You didn't know any spells.

Dungeon Overview and Level Annotations

Branches:
Dungeon (2/15)

Altars:

Annotations:
D:2 Crazy Yiuf


Innate Abilities, Weirdness & Mutations

You have a pair of small antennae on your head.
You sometimes gain a little power by taking damage.


Message History

Crazy Yiuf hits you but does no damage.
You feel yourself speed up.
You are very lightly contaminated with residual magic.
Crazy Yiuf laughs, "Ten snail water!"
Crazy Yiuf hits you but does no damage.
You feel drained.
You hit Crazy Yiuf.
Crazy Yiuf is severely wounded.
Crazy Yiuf hits you with a quarterstaff of chaos.
You hit Crazy Yiuf.
Crazy Yiuf is severely wounded.
Crazy Yiuf hits you with a quarterstaff of chaos!
* * * LOW HITPOINT WARNING * * *
You focus on the pain.
You feel very mighty all of a sudden.
* * * LOW HITPOINT WARNING * * *
You hit Crazy Yiuf.
Crazy Yiuf is almost dead.
Crazy Yiuf hits you with a quarterstaff of chaos!
* * * LOW HITPOINT WARNING * * *
Crazy Yiuf burns you.
You die...

#######
......####♣♣♣♣♣
.####.##.#P.♣.♣♣♣ ###
.............♣..♣#...#
..<.#.......♣♣♣♣@g...#
###.#.#..#.♣♣ ♣♣#..)#
....#.####♣♣ ###
..#.#.# ..#.#.###
..>.....# ..#.#####
..#.# ..#.#####.


You could see Crazy Yiuf.

Vanquished Creatures
  Terence (D:2)
  3 adders (D:2)
  2 oozes (D:1)
  A giant cockroach (D:1)
  A goblin (D:1)
  9 hobgoblins
  13 jackals
  A kobold (D:2)
  3 bats (D:1)
  4 giant newts
  3 rats
41 creatures vanquished.

Notes
Turn   | Place    | Note
--------------------------------------------------------------
     0 | Abyss:1  | Gargoyl the Demonspawn Abyssal Knight began the quest for the Orb.
     0 | Abyss:1  | Reached XP level 1. HP: 18/18 MP: 2/2
   116 | Abyss:3  | Noticed a thrashing horror
   116 | Abyss:3  | Noticed a thrashing horror
   116 | D:1      | Escaped the Abyss
   200 | D:1      | Reached * piety under Lugonu
   274 | D:1      | Gained mutation: You have a pair of small antennae on your head. [demonic ancestry]
   274 | D:1      | Reached XP level 2. HP: 19/24 MP: 3/3
   542 | D:1      | Gained mutation: You sometimes gain a little power by taking damage. [demonic ancestry]
   542 | D:1      | Reached XP level 3. HP: 15/29 MP: 5/5
  1142 | D:2      | Reached ** piety under Lugonu
  1345 | D:2      | Reached XP level 4. HP: 28/35 MP: 6/6
  1469 | D:2      | Noticed Terence
  1492 | D:2      | Killed Terence
  1801 | D:2      | Noticed Crazy Yiuf
  1813 | D:2      | HP: 1/36 [Crazy Yiuf/quarterstaff of chaos (7)]
  1813 | D:2      | Slain by Crazy Yiuf

Skill      XL: |  1  2  3  4 |
---------------+-------------+-----
Armour         | 2 3 |  3.1
Axes           | 2 |  2.4
Invocations    | 3 |  3.2
Fighting       | |  3.6
Dodging        | |  0.8

Action                   |  1- 3 |  4- 6 || total
-------------------------+-------+-------++-------
Melee: Hand axe          |   151 |    58 ||   209
Invok: Depart the Abyss  |     1 |       ||     1
  Use: Potion            |     1 |       ||     1
  Eat: Chunk             |     2 |     1 ||     3
Armor: Plate armour      |   220 |    54 ||   274
Dodge: Dodged            |    47 |    10 ||    57
